 Dungeon Crawl Stone Soup version 0.13-a0-2477-geaae114 (webtiles) character file.

169 Gabry the Skirmisher (level 4, -4/40 HPs)
             Began as a Hill Orc Fighter on July 19, 2013.
             Slain by an iguana (7 damage)
             ... on Level 4 of the Dungeon.
             The game lasted 00:12:46 (1110 turns).

Gabry the Skirmisher (Hill Orc Fighter)             Turns: 1110, Time: 00:12:46

HP  -4/40        AC 13     Str 18      XL: 4   Next: 71%
MP   3/3         EV  6     Int  8      God:
Gold 71          SH 19     Dex 11      Spells:  0 memorised,  3 levels left

Res.Fire  : . . .   See Invis. : .   n - +3,+1 elf dagger (protect)
Res.Cold  : . . .   Warding    : .   b - +0 orc scale mail
Life Prot.: . . .   Conserve   : .   c - +0 orc shield
Res.Poison: .       Res.Corr.  : .   t - +0 helmet
Res.Elec. : .       Clarity    : .   (no cloak)
Sust.Abil.: . .     Spirit.Shd : .   (no gloves)
Res.Mut.  : .       Stasis     : .   (no boots)
Res.Rott. : .       Flight     : .   e - amulet of rage
Saprovore : + . .                    (no ring)
                                     (no ring)

@: slightly resistant to hostile enchantments, extremely unstealthy
A: saprovore 1
a: Evoke Berserk Rage


You were on level 4 of the Dungeon.
You were not hungry.

You visited 1 branch of the dungeon, and saw 4 of its levels.

You collected 51 gold pieces.

Inventory:

Hand weapons
 a - a +0,+0 orcish mace
 i - a +0,+0 dagger (quivered)
 m - a +0,+0 short sword
 n - a +3,+1 elven dagger of protection (weapon)
 o - a +1,+0 dwarven short sword
Armour
 b - a +0 orcish scale mail (worn)
 c - a +0 orcish shield (worn)
 g - a +0 chain mail
 p - a +0 leather armour
 t - a +0 helmet (worn)
Comestibles
 d - 2 meat rations
 r - an apple
Scrolls
 j - a scroll of amnesia {unknown}
Jewellery
 e - an amulet of rage (around neck)


   Skills:
 + Level 4.1 Fighting
 + Level 0.4 Short Blades
 + Level 2.6 Maces & Flails
 + Level 4.0 Armour
 + Level 1.3 Dodging
 + Level 0.1 Stealth
 + Level 4.1 Shields


You had 3 spell levels left.
You didn't know any spells.

Dungeon Overview and Level Annotations

Branches:
Dungeon (4/27)
 Temple: D:4-7

Altars:

Annotations
D:3 Grinder


Innate Abilities, Weirdness & Mutations

You can tolerate rotten meat.


Message History

* * * LOW HITPOINT WARNING * * *
You hit the iguana but do no damage.
The iguana is moderately wounded.
You block the giant cockroach's attack.
The iguana bites you but does no damage.
You hit the iguana but do no damage.
The iguana is moderately wounded.
The giant cockroach bites you but does no damage.
The iguana barely misses you.
Your shield and scale mail prevent you from hitting the iguana.
The iguana is moderately wounded.
The giant cockroach barely misses you. The iguana completely misses you.
The giant cockroach bites you but does no damage.
You completely miss the iguana.
The iguana is moderately wounded.
The iguana bites you.
* * * LOW HITPOINT WARNING * * *
You block the giant cockroach's attack. The iguana bites you!
You die...

#...)..# ##
#......# #.##
#......# ##P.P
#%###### #...P
#.# #/.PP #.#
#..lP## #.#
#.lPl.######.#
###lP@s%.%...#
############


You could see an iguana, 2 giant geckos, a giant cockroach and a giant newt.

Vanquished Creatures
  A hound (D:4)
  2 adders
  A giant mite (D:3)
  5 giant geckos
  2 orcs (D:3)
  3 bats
  A giant cockroach (D:3)
  A goblin (D:1)
  4 hobgoblins
  7 kobolds
  A quokka (D:3)
  A ball python (D:2)
  8 giant newts
  3 rats (D:2)
  A plant (D:1)
41 creatures vanquished.

Notes
Turn   | Place    | Note
--------------------------------------------------------------
     0 | D:1      | Gabry, the Hill Orc Fighter, began the quest for the Orb.
     0 | D:1      | Reached XP level 1. HP: 19/19 MP: 0/0
   199 | D:1      | Reached XP level 2. HP: 26/26 MP: 1/1
   276 | D:1      | Reached skill level 4 in Fighting
   512 | D:2      | Reached XP level 3. HP: 25/33 MP: 2/2
   929 | D:3      | Reached XP level 4. HP: 40/40 MP: 3/3
   938 | D:3      | Noticed Grinder
   979 | D:3      | Paralysed by Grinder for 3 turns
  1039 | D:4      | Reached skill level 1 in Dodging
  1087 | D:4      | Gained mutation: Your natural rate of healing is unusually fast. [potion of mutation]
  1087 | D:4      | Gained mutation: You occasionally shout uncontrollably. [potion of mutation]
  1088 | D:4      | Lost mutation: You occasionally shout uncontrollably. [potion of cure mutation]
  1088 | D:4      | Lost mutation: Your natural rate of healing is unusually fast. [potion of cure mutation]
  1109 | D:4      | HP: 2/40 [iguana (3)]
  1110 | D:4      | Slain by an iguana

Action                   |  1- 3 |  4- 6 || total
-------------------------+-------+-------++-------
Melee: Mace              |    98 |       ||    98
       Dagger            |    91 |   112 ||   203
  Use: Scroll            |     2 |     4 ||     6
       Potion            |     1 |     3 ||     4
